 Dungeon Crawl Stone Soup version 0.26-a0-376-g13fbb91ece (webtiles) character file.

Game seed: 8540446092263821153

300 Gargoyl the Skirmisher (level 6, -1/53 HPs)
             Began as a Gnoll Abyssal Knight on July 20, 2020.
             Was a Priest of Lugonu.
             Slain by an ogre
             ... wielding a +0 giant spiked club
              (27 damage)
             ... on level 4 of the Dungeon.
             The game lasted 00:03:59 (2745 turns).

Gargoyl the Skirmisher (Gnoll Abyssal Knight)       Turns: 2745, Time: 00:04:00

Health: -1/53      AC: 13    Str: 17    XL:     6   Next: 36%
Magic:  9/9        EV:  4    Int: 14    God:    Lugonu [***...]
Gold:   155        SH:  8    Dex: 14    Spells: 8/8 levels left

rFire    . . .     SeeInvis .   i - +1 hand axe (elec)
rCold    . . .     Faith    .   o - +0 kite shield
rNeg     . . .     Spirit   .   e - +0 plate armour
rPois    .         Reflect  .   n - +0 helmet
rElec    .         Harm     .   (no cloak)
rCorr    .                      (no gloves)
MR       .....                  (no boots)
Stlth    ..........             (no amulet)
HPRegen  0.17/turn              c - ring of flight
MPRegen  0.11/turn              (no ring)

@: no status effects
A: distributed training, fangs 1, strong nose
a: Depart the Abyss, Bend Space, Banish, Renounce Religion, Evoke Flight


You were on level 4 of the Dungeon.
You worshipped Lugonu.
Lugonu was most pleased with you.
You visited 1 branch of the dungeon, and saw 4 of its levels.
You visited the Abyss 1 time.

You collected 155 gold pieces.

Inventory:

Hand Weapons
 a - a +1 hand axe
 d - a +0 broad axe
 i - a +1 hand axe of electrocution (weapon)
Armour
 e - a +0 plate armour (worn)
 n - a +0 helmet (worn)
 o - a +0 kite shield (worn)
Jewellery
 c - a ring of flight (left hand)
Scrolls
 b - a scroll of identify
 g - 2 scrolls of teleportation
Potions
 f - a potion of magic
 h - 2 potions of brilliance
 j - a potion of haste
 k - 2 potions of curing {unknown}
 l - a potion of lignification {unknown}


   Skills:
 + Level 6.8 Fighting
 + Level 1.9 Short Blades
 + Level 1.9 Long Blades
 + Level 4.9 Axes
 + Level 1.9 Maces & Flails
 + Level 1.9 Polearms
 + Level 1.9 Staves
 + Level 1.9 Slings
 + Level 1.9 Bows
 + Level 1.9 Crossbows
 + Level 1.9 Throwing
 + Level 4.9 Armour
 + Level 3.2 Dodging
 + Level 1.9 Stealth
 + Level 1.9 Shields
 + Level 1.9 Unarmed Combat
 + Level 1.9 Spellcasting
 + Level 1.5 Conjurations
 + Level 1.5 Hexes
   Level 0.0 Charms
 + Level 1.5 Summonings
 + Level 1.5 Necromancy
 + Level 1.5 Translocations
 + Level 1.5 Transmutations
 + Level 1.5 Fire Magic
 + Level 1.5 Ice Magic
 + Level 1.5 Air Magic
 + Level 1.5 Earth Magic
 + Level 1.5 Poison Magic
 + Level 5.0 Invocations
 + Level 1.9 Evocations


You had 8 spell levels left.
You didn't know any spells.
Your spell library contained the following spells:

 Spells                   Type           Power        Failure   Level
 Sublimation of Blood     Necr           #.........   100%        2
 Ignite Poison            Fire/Tmut/Pois #.......     100%        3
 Petrify                  Tmut/Erth      #.......     100%        4
 Alistair's Intoxication  Tmut/Pois      #.......     100%        5
 Irradiate                Conj/Tmut      #.........   100%        5
 Eringya's Noxious Bog    Tmut/Pois      #.........   100%        6


Dungeon Overview and Level Annotations

Branches:
Dungeon (4/15)
 Temple: D:4-7

Altars:


Innate Abilities, Weirdness & Mutations

Your experience applies equally to all skills.
You have very sharp teeth.
Your uncanny sense of smell can sniff out nearby items.


Message History

As you read the scroll of identify, it crumbles to dust.
m - 2 potions of degeneration You drop 2 potions of degeneration.
An ogre comes into view. It is wielding a +0 giant spiked club.
The ogre shouts!
The ogre moves out of view.
Found a potion of haste.
An ogre is nearby!
You hit the ogre.
The ogre is lightly wounded.
You block the ogre's attack.
You hit the ogre.
The ogre is moderately wounded.
The ogre hits you with a +0 giant spiked club!!
Ouch! That really hurt!
You hit the ogre.
The ogre is heavily wounded.
The ogre hits you with a +0 giant spiked club!!
Ouch! That really hurt!
You die...

######
#....#
#<...#
#....+
#....# #
#....##...#
#..@O.......
#........!..
#...........
#...........
#.=.........
#...........
#...........
#....##...#


You could see an ogre.

Vanquished Creatures
  A vampire bat (D:3)
  An orc wizard (D:3)
  Robin (D:2)
  A gnoll (D:1)
  An adder (D:3)
  2 oozes
  A worm (D:3)
  3 dart slugs (D:2)
  3 fire bats (D:3)
  3 leopard geckos
  3 orcs (D:3)
  2 spectral bats (D:3)
  13 bats
  3 bat skeletons (D:3)
  A bat zombie (D:3)
  4 giant cockroaches
  8 hobgoblins
  10 jackals
  10 kobolds
  A quokka (D:3)
  A ball python (D:3)
  A bat simulacrum (D:3)
  8 frilled lizards
  18 goblins
  9 rats
109 creatures vanquished.

Notes
Turn   | Place    | Note
-------+----------+-------------------------------------------
     0 | Abyss:1  | Gargoyl the Gnoll Abyssal Knight began the quest for the
                  | Orb.
     0 | Abyss:1  | Reached XP level 1. HP: 23/23 MP: 3/3
    97 | Abyss:2  | Noticed a small abomination
    99 | Abyss:2  | Noticed a large abomination
   101 | Abyss:2  | Noticed a large abomination
   134 | D:1      | Escaped the Abyss
   547 | D:1      | Reached XP level 2. HP: 25/29 MP: 5/5
   688 | D:1      | Reached * piety under Lugonu
   694 | D:1      | Reached XP level 3. HP: 32/35 MP: 6/6
  1182 | D:2      | Reached skill level 1 in Short Blades
  1182 | D:2      | Reached skill level 1 in Long Blades
  1182 | D:2      | Reached skill level 1 in Maces & Flails
  1182 | D:2      | Reached skill level 1 in Polearms
  1182 | D:2      | Reached skill level 1 in Staves
  1182 | D:2      | Reached skill level 1 in Slings
  1182 | D:2      | Reached skill level 1 in Bows
  1182 | D:2      | Reached skill level 1 in Crossbows
  1182 | D:2      | Reached skill level 1 in Throwing
  1182 | D:2      | Reached skill level 1 in Stealth
  1182 | D:2      | Reached skill level 1 in Shields
  1182 | D:2      | Reached skill level 1 in Unarmed Combat
  1182 | D:2      | Reached skill level 1 in Spellcasting
  1182 | D:2      | Reached skill level 1 in Evocations
  1192 | D:2      | Reached XP level 4. HP: 38/41 MP: 7/7
  1301 | D:2      | Reached ** piety under Lugonu
  1444 | D:2      | Noticed Robin
  1450 | D:2      | Killed Robin
  1450 | D:2      | Reached skill level 1 in Conjurations
  1450 | D:2      | Reached skill level 1 in Hexes
  1450 | D:2      | Reached skill level 1 in Summonings
  1450 | D:2      | Reached skill level 1 in Necromancy
  1450 | D:2      | Reached skill level 1 in Translocations
  1450 | D:2      | Reached skill level 1 in Transmutations
  1450 | D:2      | Reached skill level 1 in Fire Magic
  1450 | D:2      | Reached skill level 1 in Ice Magic
  1450 | D:2      | Reached skill level 1 in Air Magic
  1450 | D:2      | Reached skill level 1 in Earth Magic
  1450 | D:2      | Reached skill level 1 in Poison Magic
  1679 | D:3      | Reached XP level 5. HP: 47/47 MP: 8/8
  2008 | D:3      | Reached skill level 5 in Invocations
  2008 | D:3      | Reached XP level 6. HP: 41/53 MP: 9/9
  2189 | D:3      | Reached *** piety under Lugonu
  2745 | D:4      | Slain by an ogre

Illustrated notes

Levels and vault maps discovered:
D:1:      lemuel_arrival_broad_hall, layout_rooms
D:2:      layout_basic, serial_bayou_crossing, uniq_robin
D:3:      layout_basic, goddamned_bats
D:4:      layout_gridville, uniq_edmund, uniq_sigmund, uniq_pikel,
          uniq_crazy_yiuf_cottage

Skill      XL: |  1  2  3  4  5 |
---------------+----------------+-----
Short Blades   | 1 |  1.9
Long Blades    | 1 |  1.9
Maces & Flails | 1 |  1.9
Polearms       | 1 |  1.9
Staves         | 1 |  1.9
Slings         | 1 |  1.9
Bows           | 1 |  1.9
Crossbows      | 1 |  1.9
Throwing       | 1 |  1.9
Stealth        | 1 |  1.9
Shields        | 1 |  1.9
Unarmed Combat | 1 |  1.9
Spellcasting   | 1 |  1.9
Evocations     | 1 |  1.9
Conjurations   | 1 |  1.5
Hexes          | 1 |  1.5
Summonings     | 1 |  1.5
Necromancy     | 1 |  1.5
Translocations | 1 |  1.5
Transmutations | 1 |  1.5
Fire Magic     | 1 |  1.5
Ice Magic      | 1 |  1.5
Air Magic      | 1 |  1.5
Earth Magic    | 1 |  1.5
Poison Magic   | 1 |  1.5
Dodging        | 3 |  3.2
Invocations    | 5 |  5.0
Fighting       | |  6.8
Axes           | |  4.9
Armour         | |  4.9

Action                   |  1- 3 |  4- 6 || total
-------------------------+-------+-------++-------
Melee: Broad axe         |    44 |       ||    44
       Bite              |    10 |     6 ||    16
       Hand axe          |    28 |   134 ||   162
Invok: Depart the Abyss  |     1 |       ||     1
  Use: Scroll            |     5 |     2 ||     7
       Potion            |     1 |       ||     1
Armor: Plate armour      |    67 |   177 ||   244
Dodge: Dodged            |    29 |    46 ||    75
Block: Kite shield       |       |    72 ||    72

Table legend: (Time is in decaauts)
 A = Elapsed time spent in this place.
 B = Non-inter-level travel time spent in this place.
 C = Inter-level travel time spent in this place.
 D = Time resting spent in this place.
 E = Time spent auto-exploring this place.
 F = Levels seen in this place.
 G = Mean time per level.
                   A        B        C        D        E       F      G
               +--------+--------+--------+--------+--------+-----+--------+
         Total |   2786 |   2757 |     29 |    741 |   1314 |   6 |  464.3 |
       Dungeon |   2652 |   2623 |     29 |    741 |   1248 |   4 |  663.0 |
         Abyss |    133 |    133 |      0 |      0 |     66 |   2 |   66.5 |
               +--------+--------+--------+--------+--------+-----+--------+
